 Dungeon Crawl Stone Soup version 0.18.1-50-g88ac8fd (webtiles) character file.

7648 magog001 the Cleaver (level 10, -23/94 HPs)
             Began as a Minotaur Fighter on Apr 27, 2018.
             Was a Priest of Nemelex Xobeh.
             Annihilated by an ettin
             ... wielding a +0 dire flail
              (31 damage)
             ... on level 2 of the Orcish Mines on May 2, 2018.
             The game lasted 01:00:09 (10032 turns).

magog001 the Cleaver (Minotaur Fighter)            Turns: 10032, Time: 01:00:10

Health: -23/94     AC: 19    Str: 24    XL:     10   Next: 99%
Magic:  10/10      EV:  3    Int:  7    God:    Nemelex Xobeh [***...]
Gold:   863        SH: 11    Dex: 10    Spells: 0 memorised, 9 levels left

rFire  + . .     SeeInvis .     a - +4 war axe
rCold  . . .     Gourm    .     y - +4 chain mail
rNeg   . . .     Faith    .     c - +0 shield
rPois  .         Spirit   .     B - +2 hat
rElec  .         Dismiss  .     Q - +1 cloak
rCorr  .         Reflect  .     (no gloves)
SustAt .         Harm     .     (no boots)
MR     .....                    (no amulet)
Stlth  ..........               w - +2 ring of intelligence
                                n - ring of protection from fire

@: not resistant to hostile enchantments, extremely unstealthy
A: retaliatory headbutt, horns 2
a: Triple Draw, Renounce Religion


You were on level 2 of the Orcish Mines.
You worshipped Nemelex Xobeh.
Nemelex Xobeh was most pleased with you.
You were not hungry.

You visited 2 branches of the dungeon, and saw 11 of its levels.
You also visited: Sewer.

You collected 929 gold pieces.
You spent 66 gold pieces at shops.

Inventory:

Hand Weapons
 a - a +4 war axe (weapon)
 q - a cursed -2 hunting sling
 G - a +0 blowgun
 V - a +0 hand axe
Missiles
 e - 28 poisoned needles
 j - 94 sling bullets
 l - a tomahawk of dispersal (quivered)
Armour
 c - a +0 shield (worn)
 y - a +4 chain mail (worn)
 B - a +2 hat (worn)
 Q - a +1 cloak (worn)
Jewellery
 n - a ring of protection from fire (left hand)
 w - a +2 ring of intelligence (right hand)
Wands
 d - a wand of hasting (4/9)
 r - a wand of paralysis (10/24)
 u - a wand of confusion (30/48)
 x - a wand of lightning (5/15)
 D - a wand of slowing (10/48)
 E - a wand of polymorph (8/24)
 F - a wand of slowing (25/48)
 I - a wand of paralysis (2/24)
 J - a wand of polymorph (16/24)
 L - a wand of flame (9/48)
 R - a wand of slowing (8/48)
Scrolls
 g - 2 scrolls of remove curse
 m - 2 scrolls of identify
 t - a scroll of torment {unknown}
 v - a scroll of immolation {unknown}
 z - a scroll of fog
 A - 5 scrolls of teleportation
 P - a scroll of fear
Potions
 b - 2 potions of haste {unknown}
 h - a potion of brilliance
 i - 2 potions of flight
 o - 2 potions of berserk rage {unknown}
 p - 4 potions of curing
 s - a potion of ambrosia
 N - 2 potions of agility {unknown}
 S - 2 potions of lignification {unknown}
Miscellaneous
 H - an ornate deck of escape
 K - a plain deck of war {drawn: 2}
 M - a plain deck of destruction {drawn: 1}
 T - a phantom mirror
 U - a plain deck of escape
Comestibles
 f - 4 bread rations
 k - 40 fruits
 C - a beef jerky
 O - 11 chunks of flesh


   Skills:
 * Level 10.8 Fighting
 * Level 12.1 Axes
 + Level 9.0 Armour
 - Level 2.9 Dodging
 + Level 2.1 Stealth
 + Level 8.5 Shields
 + Level 2.1 Evocations


You had 9 spell levels left.
You didn't know any spells.

Dungeon Overview and Level Annotations

Branches:
Dungeon (9/15)               Lair (0/8) D:9             Orc (2/2) D:9
    Elf (0/3) Orc:2
 Temple: D:4-7

Altars:
Ashenzari
Cheibriados
Gozag
Makhleb
Nemelex Xobeh
Okawaru
Qazlal
Ru
Yredelemnul
Zin
The Shining One

Shops:
D:6 }

Annotations:
D:5 1 runed door


Innate Abilities, Weirdness & Mutations

You reflexively headbutt those who attack you in melee.
You have a pair of horns on your head.


Message History

There is a stone staircase leading up here.
There is a stone staircase leading up here.
You block the ettin's attack. The ettin hits you with a dire flail!!
An ogre comes into view. It is wielding a giant club.
The ogre shouts!
There is a stone staircase leading up here.
The ettin hits you with a dire flail! The ettin completely misses you.
Your chain mail prevents you from hitting the ettin.
The ettin hits you with a dire flail. The ettin hits you with a dire flail!
You hit the ettin. You headbutt the ettin!
The ettin is moderately wounded.
The ettin hits you with a dire flail!!
* * * LOW HITPOINT WARNING * * *
The ettin barely misses you.
There is a stone staircase leading up here.
The ettin hits you with a dire flail!
* * * LOW HITPOINT WARNING * * *
The ettin hits you with a dire flail!!
You die...
Your body disappears without a glow.

#............
.............
##......#....#
#.............
#.............
#.............
#.....O......
##....C.......
#.....@.......
#.............
##............
#.........$..
#.........>..#
##...........#
###........##
#..#..#.##


You could see an ettin and an ogre.

Vanquished Creatures
  Erica (D:8)
  Pikel (D:6)
  A manticore (D:7)
  Psyche (D:8)
  An ice statue (D:8)
  Maurice (D:8)
  Sigmund (D:3)
  A yak (D:9)
  A hippogriff (D:8)
  Menkaure (D:6)
  A water moccasin (D:5)
  2 slaves (D:6)
  9 orc warriors
  2 sky beasts
  3 ogres
  An eye of draining (D:8)
  2 ice beasts
  A tengu (D:5)
  3 centaurs
  A big kobold (D:9)
  A crocodile (D:9)
  The ghost of EnegeticOcto the Sneak, an amateur KoAr (D:4)
  A giant frog (D:6)
  A gnoll sergeant (D:7)
  8 scorpions
  A howler monkey (D:8)
  3 wights (D:8)
  4 crimson imps
  2 centaur zombies
  A giant frog zombie (D:6)
  A quasit (D:8)
  8 hounds
  3 jellies (D:5)
  A centaur skeleton (D:7)
  Crazy Yiuf (D:6)
  6 orc priests
  10 orc wizards
  2 giant frog skeletons (D:6)
  3 iguanas
  Natasha (thrice) (D:3)
  4 worker ants
  A hound zombie (D:8)
  A worker ant zombie (D:5)
  A howler monkey skeleton (D:7)
  16 adders
  13 gnolls
  A shadow imp (D:5)
  2 oozes
  An adder zombie (D:6)
  An adder skeleton (D:4)
  7 worms
  A dart slug (D:3)
  6 giant geckos
  42 orcs
  3 ball pythons
  4 giant cockroaches
  2 goblins (D:2)
  5 hobgoblins
  19 jackals
  6 quokkas
  21 bats
  4 giant newts
  2 jackal zombies
  8 kobolds
  2 quokka zombies
  10 rats
  A butterfly (D:5)
  6 fungi
286 creatures vanquished.

Vanquished Creatures (others)
  A water moccasin (D:6)
  A slave (D:6)
  A giant frog (D:6)
  An orc priest (D:6)
  An adder (D:6)
5 creatures vanquished.

Grand Total: 291 creatures vanquished

Notes
Turn   | Place    | Note
--------------------------------------------------------------
     0 | D:1      | magog001 the Minotaur Fighter began the quest for the Orb.
     0 | D:1      | Reached XP level 1. HP: 19/19 MP: 0/0
    49 | D:1      | Reached XP level 2. HP: 27/27 MP: 1/1
   895 | D:2      | Reached XP level 3. HP: 33/33 MP: 2/2
  1136 | D:2      | Reached skill level 3 in Axes
  1136 | D:2      | Reached skill level 1 in Dodging
  1261 | D:2      | Found a sacrificial altar of Ru.
  1263 | D:2      | Reached XP level 4. HP: 40/40 MP: 3/3
  1605 | D:3      | Reached XP level 5. HP: 24/47 MP: 4/4
  1789 | D:3      | Noticed Natasha
  1796 | D:3      | Killed Natasha
  1807 | D:3      | Found an iron altar of Okawaru.
  2108 | D:3      | Noticed Natasha
  2113 | D:3      | Killed Natasha
  2113 | D:3      | Reached skill level 1 in Stealth
  2291 | D:3      | Noticed Sigmund
  2308 | D:3      | Killed Sigmund
  2308 | D:3      | Reached skill level 5 in Fighting
  2308 | D:3      | Reached skill level 4 in Axes
  2308 | D:3      | Reached skill level 5 in Armour
  2308 | D:3      | Reached XP level 6. HP: 24/56 MP: 5/5
  2309 | D:3      | Noticed Natasha
  2315 | D:3      | Killed Natasha
  2926 | D:4      | Noticed EnegeticOcto's ghost (amateur KoAr)
  2927 | D:4      | Found an opulent altar of Gozag.
  2937 | D:4      | Killed EnegeticOcto's ghost
  2937 | D:4      | Reached skill level 5 in Shields
  2937 | D:4      | Reached XP level 7. HP: 59/61 MP: 6/6
  2942 | D:4      | Found a sacrificial altar of Ru.
  2952 | D:4      | Found a stormy altar of Qazlal.
  3006 | D:4      | Reached skill level 5 in Axes
  3340 | D:5      | Entered Level 5 of the Dungeon
  3457 | D:5      | Found a sparkling altar of Nemelex Xobeh.
  3471 | D:5      | Became a worshipper of Nemelex Xobeh the Trickster
  3488 | D:5      | Received a gift from Nemelex Xobeh
  3840 | D:5      | Found a runed door.
  3860 | D:5      | Reached skill level 6 in Axes
  3940 | D:5      | Found a runed door.
  3988 | D:5      | Reached XP level 8. HP: 65/71 MP: 7/7
  4040 | D:5      | Reached skill level 7 in Axes
  4128 | D:5      | Found a glowing silver altar of Zin.
  4128 | D:5      | Found a burning altar of Makhleb.
  4129 | D:5      | Noticed a green death
  4129 | D:5      | Noticed an angel
  4203 | D:6      | Found Laniesi's Gadget Shoppe.
  4308 | D:6      | Found a glowing drain.
  4312 | Sewer    | Entered a sewer
  5017 | D:6      | Bought a wand of lightning (2/15) for 66 gold pieces
  5060 | D:6      | Reached * piety under Nemelex Xobeh
  5146 | D:6      | Reached skill level 8 in Axes
  5175 | D:6      | Found a basalt altar of Yredelemnul.
  5180 | D:6      | Found a glowing golden altar of the Shining One.
  5182 | D:6      | Noticed an angel
  5214 | D:6      | Noticed a profane servitor
  5256 | D:6      | Found a snail-covered altar of Cheibriados.
  5388 | D:6      | Noticed Pikel
  5401 | D:6      | Killed Pikel
  5401 | D:6      | Reached XP level 9. HP: 66/81 MP: 8/8
  5427 | D:6      | Found a shattered altar of Ashenzari.
  5441 | D:6      | Received a gift from Nemelex Xobeh
  5509 | D:6      | You fall through a shaft for 3 floors!
  5509 | D:9      | Found a staircase to the Orcish Mines.
  5516 | D:9      | Reached skill level 9 in Axes
  5633 | D:8      | Noticed Psyche
  5636 | D:8      | Noticed Erica
  5641 | D:8      | Paralysed by something for 7 turns
  6313 | D:6      | Noticed Menkaure
  6318 | D:6      | Killed Menkaure
  6579 | D:6      | Noticed Crazy Yiuf
  6584 | D:6      | Killed Crazy Yiuf
  6584 | D:6      | Reached skill level 10 in Axes
  6799 | D:7      | Reached ** piety under Nemelex Xobeh
  6910 | D:7      | Received a gift from Nemelex Xobeh
  6920 | D:7      | Noticed a manticore
  6929 | D:7      | Killed a manticore
  7094 | D:7      | Reached XP level 10. HP: 67/91 MP: 9/9
  7758 | D:7      | Received a gift from Nemelex Xobeh
  7953 | D:8      | Noticed an ice statue
  8094 | D:8      | Noticed Maurice
  8105 | D:8      | Killed Maurice
  8226 | D:8      | Killed Psyche
  8426 | D:8      | Reached skill level 10 in Fighting
  8507 | D:8      | Killed Erica
  8507 | D:8      | Reached skill level 11 in Axes
  8762 | D:8      | Killed an ice statue
  8762 | D:8      | Reached skill level 1 in Evocations
  9046 | D:9      | Found a staircase to the Lair.
  9081 | D:9      | Reached *** piety under Nemelex Xobeh
  9675 | Orc:1    | Entered Level 1 of the Orcish Mines
  9692 | Orc:1    | Reached skill level 12 in Axes
  9919 | Orc:1    | Received a gift from Nemelex Xobeh
 10023 | Orc:2    | Entered Level 2 of the Orcish Mines
 10023 | Orc:2    | Found a staircase to the Elven Halls.
 10023 | Orc:2    | Noticed an ettin
 10032 | Orc:2    | Annihilated by an ettin

Skill      XL: |  1  2  3  4  5  6  7  8  9 10 |
---------------+-------------------------------+-----
Armour         | 4 5 7 8 9 |  9.0
Fighting       | 4 5 6 7 9 10 | 10.8
Shields        | 4 5 6 7 8 |  8.5
Axes           | 3 4 6 8 10 12 | 12.1
Dodging        | 1 2 |  2.9
Stealth        | 1 2 |  2.1
Evocations     | 2 |  2.1

Action                   |  1- 3 |  4- 6 |  7- 9 | 10-12 || total
-------------------------+-------+-------+-------+-------++-------
Melee: War axe           |    71 |    96 |   333 |   201 ||   701
       Headbutt          |    15 |    14 |    54 |    33 ||   116
Throw: Tomahawk          |       |       |       |     1 ||     1
Evoke: Deck              |       |       |     4 |     5 ||     9
       Wand              |       |       |       |    32 ||    32
  Use: Potion            |       |     1 |     6 |     2 ||     9
       Scroll            |       |     9 |     9 |     4 ||    22
 Stab: Invisible         |     1 |       |       |       ||     1
  Eat: Chunk             |     1 |     4 |     6 |     7 ||    18
       Beef jerky        |       |     1 |     1 |     2 ||     4
       Meat ration       |       |       |     1 |       ||     1
       Pizza             |       |       |     1 |       ||     1
Armor: Scale mail        |    33 |    33 |       |       ||    66
       Chain mail        |       |    15 |   160 |    83 ||   258
Dodge: Dodged            |    26 |    45 |    83 |    50 ||   204
Block: Shield            |    50 |    50 |   202 |   105 ||   407
